Map: Orbital Shipyard

Players

TonyRony

  • Race: Terran Terran

SticklerMac - Winner!

  • Race: Zerg Zerg

VOD

Have the link to the VOD?

Description

Time

  • Played on: Aug. 5, 2015, 6:22 p.m.
  • Length: 10:51
Show
View Real Time Build Order
Export as new Build Order

TonyRony Terran 

Build Orders:  

Get SALT Encoding   

  12  0:14  SCV  
  12  0:15  Supply Depot  
  13  0:26  SCV  
  14  0:38  SCV  
  15  0:48  Barracks  
  15  0:59  Supply Depot  
  15  1:09  SCV  
  16  1:14  Refinery  
  16  1:21  SCV  
  17  1:35  Orbital Command  
  17  1:49  Marine  
  18  1:57  Engineering Bay  
  18  2:03  SCV  
  18  2:06  Marine  
  20  2:11  Refinery  
  20  2:15  SCV  
  21  2:24  Marine  
  21  2:27  SCV  
  23  2:39  SCV  
  23  2:42  Factory, Reaper  
  25  2:51  SCV  
  26  3:03  SCV  
  27  3:10  Command Center  
  27  3:14  Marine  
  27  3:16  SCV  
  29  3:28  SCV  
  29  3:30  Factory Tech Lab  
  29  3:32  Marine  
  31  3:35  Starport  
  31  3:40  SCV  
  32  3:45  Hi-Sec Auto Tracking  
  32  3:50  Marine  
  32  3:52  SCV  
  34  4:00  Factory Tech Lab  
  34  4:04  SCV  
  34  4:08  Marine  
  36  4:16  SCV  
  37  4:25  Marine  
  38  4:39  Orbital Command  
  38  4:54  Banshee  
  38  4:55  Cloaking Field  
  41  5:01  SCV  
  42  5:13  SCV, Siege Tank  
  46  5:23  Missile Turret  
  46  5:24  Missile Turret  
  46  5:25  SCV x2  
  48  5:28  Refinery  
  48  5:31  Refinery  
  48  5:37  SCV, Supply Depot, Banshee  
  48  5:38  SCV  
  53  5:45  Siege Tank  
  53  5:49  SCV  
  57  5:50  SCV  
  58  6:00  Supply Depot  
  58  6:01  SCV, Missile Turret  
  59  6:04  Missile Turret  
  59  6:10  Missile Turret  
  59  6:13  SCV  
  60  6:20  Viking  
  60  6:22  Supply Depot  
  61  6:33  Siege Tank  
  64  6:44  SCV  
  64  6:45  Supply Depot  
  65  6:50  Viking  
  64  6:56  SCV  
  65  7:05  Siege Tank  
  69  7:08  SCV  
  69  7:10  Missile Turret  
  69  7:20  SCV  
  70  7:30  Missile Turret  
  70  7:32  SCV  
  71  7:38  Command Center  
  71  7:49  Siege Tank  
  74  8:10  Viking  
  76  8:17  Terran Infantry Weapons Level 1  
  76  8:21  Siege Tank  
  76  8:22  Missile Turret  
  79  8:40  Viking  
  81  8:53  Siege Tank, Starport  
  84  9:09  Missile Turret  
  84  9:16  Medivac  
  86  9:25  Siege Tank  
  89  9:32  Starport  
  89  9:34  Starport Reactor  
  89  9:46  Viking  
Show
View Real Time Build Order
Export as new Build Order

SticklerMac Zerg - Winner!

Build Orders: Pool First, Muta Ling Bane 

Get SALT Encoding   

  12  0:01  Drone  
  13  0:08  Drone  
  14  0:17  Overlord  
  14  0:33  Spawning Pool  
  13  0:36  Drone  
  13  0:40  Drone  
  15  0:44  Drone  
  15  0:48  Drone  
  17  1:12  Hatchery  
  17  1:15  Drone  
  17  1:16  Drone  
  18  1:20  Extractor  
  18  1:22  Zergling x2  
  18  1:31  Zergling x2  
  19  1:36  Queen  
  21  1:42  Overlord  
  21  1:53  Drone  
  22  2:03  Drone  
  23  2:13  Drone  
  24  2:24  Queen  
  24  2:25  Drone x2  
  28  2:38  Zergling x4  
  30  2:50  Drone x2  
  32  2:51  Overlord  
  32  2:53  Queen  
  32  2:56  Drone x2  
  36  3:09  Queen  
  38  3:14  Metabolic Boost  
  38  3:31  Zergling x2  
  38  3:32  Zergling x6  
  38  3:33  Zergling x4  
  44  3:41  Lair  
  44  3:45  Overlord x2, Extractor  
  44  3:47  Drone  
  44  4:02  Baneling Nest  
  44  4:05  Drone x3  
  44  4:06  Drone  
  44  4:08  Drone x5  
  52  4:37  Overlord  
  52  4:40  Spire  
  52  4:41  Zergling x2  
  52  4:42  Zergling x16  
  52  4:44  Overlord x3  
  52  4:45  Overlord  
  60  4:55  Overseer  
  60  5:13  Zergling x2  
  65  5:14  Zergling x12  
  65  5:15  Drone  
  65  5:16  Drone x3  
  65  5:17  Drone  
  72  5:38  Hatchery  
  71  5:52  Drone x2  
  71  5:53  Drone x3  
  71  5:55  Drone x2  
  71  5:56  Extractor  
  71  5:57  Extractor  
  76  6:05  Mutalisk x4  
  76  6:07  Mutalisk  
  85  6:29  Drone x2  
  87  6:34  Zergling x8  
  87  6:35  Overlord x4  
  87  6:36  Overlord x2  
  91  6:47  Overlord  
  91  6:48  Overlord  
  91  6:57  Mutalisk x3  
  97  7:02  Queen  
  97  7:07  Zergling x2  
  97  7:08  Zergling x16  
  106  7:30  Mutalisk x4  
  106  7:32  Mutalisk  
  106  7:35  Zergling x8  
  120  7:37  Baneling  
  120  7:38  Baneling  
  120  7:47  Zergling x8  
  120  7:48  Zergling x14  
  131  7:51  Baneling x2  
  131  7:52  Baneling x4  
  131  7:54  Baneling  
  131  7:57  Baneling  
  131  7:58  Baneling  
  131  8:00  Zergling x2  
  131  8:01  Zergling x6  
  135  8:12  Centrifical Hooks  
  135  8:15  Zergling x2  
  135  8:16  Zergling x10  
  135  8:18  Zergling x2  
  142  8:31  Zergling x2  
  142  8:32  Zergling x14  
  151  8:34  Zergling x2  
  151  8:38  Mutalisk  
  151  8:40  Mutalisk  
  155  8:43  Mutalisk  
  157  9:02  Zergling x8  
  161  9:03  Overlord x2  
  161  9:07  Baneling  
  161  9:08  Baneling x8  
  161  9:09  Baneling x2  
  161  9:10  Baneling  
  161  9:14  Baneling  
  161  9:15  Baneling  
  161  9:17  Baneling  
  161  9:19  Baneling  
  161  9:25  Extractor  
  161  9:27  Extractor  
  159  9:35  Baneling x6  
  159  9:39  Baneling  
  159  9:42  Baneling x2  
  159  9:44  Zergling x8  
  159  9:45  Zergling x14  
  170  9:46  Zergling x2  
  170  9:48  Zergling x2  
  170  9:50  Zergling x2  
  170  9:52  Zergling x2  
  174  9:54  Zergling x2  
  174  9:57  Zergling x2  
  174  9:58  Zergling x2  
  177  10:06  Overlord x2  
  177  10:10  Baneling x3  
  177  10:11  Baneling  
  177  10:14  Baneling  
  177  10:15  Baneling x2  
  172  10:24  Mutalisk x2  
  172  10:26  Mutalisk  
Tags
 
Composition
Muta Ling Bane
Matchup
TvZ
Opening
Pool First
Replay Pack
10-0 streak
Add a new tag
Caveats
  • Supply blocks, unpowered buildings, or Contaminate may cause inaccurate times.
  • Supply counts are checked every 10 seconds.